 Dungeon Crawl Stone Soup version 0.19-a0-1697-g0595f0e (webtiles) character file.

1399 Saways the Slasher (level 9, -3/88 HPs)
             Began as a Human Berserker on Sept 26, 2016.
             Was a Believer of Trog.
             Slain by a gnoll
             ... wielding a +0 halberd
              (9 damage)
             ... on level 6 of the Dungeon.
             The game lasted 00:07:56 (5418 turns).

Saways the Slasher (Human Berserker)                Turns: 5418, Time: 00:07:57

Health: -3/88      AC:  8    Str: 27    XL:     9   Next: 1%
Magic:  12/12      EV:  5    Int:  8    God:    Trog [**....]
Gold:   216        SH: 14    Dex: 13    Spells: 0 memorised, 12 levels left

rFire  . . .     SeeInvis .     a - +0 falchion
rCold  . . .     Gourm    .     A - +0 chain mail
rNeg   . . .     Faith    .     k - +0 large shield
rPois  .         Spirit   .     B - +0 helmet
rElec  .         Dismiss  .     u - +0 cloak
rCorr  .         Reflect  .     (no gloves)
MR     .....     Harm     .     (no boots)
Stlth  .......... Rnd*Rage +    o - amulet of regeneration Rnd*Tele +
                                s - +2 ring of strength
                                (no ring)

@: berserking, very quick
A: berserk 1, deformed body, frail 1, teleportitis 1
a: Berserk, Trog's Hand, Burn Spellbooks, Renounce Religion


You were on level 6 of the Dungeon.
You worshipped Trog.
Trog was pleased with you.
You were not hungry.

You visited 1 branch of the dungeon, and saw 6 of its levels.

You collected 216 gold pieces.

Inventory:

Hand Weapons
 a - a +0 falchion (weapon)
Armour
 b - a +0 animal skin
 k - a +0 large shield (worn)
 q - a +0 scale mail
 u - a +0 cloak (worn)
 A - a +0 chain mail (worn)
 B - a +0 helmet (worn)
Jewellery
 m - an uncursed ring of ice
 o - an amulet of regeneration (around neck)
 s - a +2 ring of strength (right hand)
Wands
 p - a wand of disintegration (0/24)
Scrolls
 d - a scroll of noise {unknown}
 i - 3 scrolls of teleportation {unknown}
 j - a scroll of remove curse {unknown}
 l - 3 scrolls of blinking {unknown}
 r - a scroll of enchant armour {unknown}
 y - a scroll of magic mapping {unknown}
 z - 2 scrolls of identify
 D - a scroll of fear {unknown}
Potions
 g - 3 potions of degeneration
 h - 3 potions of heal wounds
 v - 2 potions of haste
 w - a potion of flight
 x - a potion of magic
 C - a potion of berserk rage
Comestibles
 c - 3 bread rations
 f - a meat ration
 n - 3 fruits


   Skills:
 + Level 4.4 Fighting
 * Level 7.7 Long Blades
 + Level 4.2 Armour
 + Level 3.2 Dodging
 - Level 2.8 Stealth
 + Level 2.5 Shields
 - Level 2.2 Spellcasting
 - Level 0.4 Evocations


You had 12 spell levels left.
You didn't know any spells.

Dungeon Overview and Level Annotations

Branches:
Dungeon (6/15)             Temple (0/1) D:4

Altars:
Ashenzari
Fedhas
Gozag
Kikubaaqudgha
Makhleb
Nemelex Xobeh
Qazlal
Uskayaw
Vehumet

Shops:
D:4 %


Innate Abilities, Weirdness & Mutations

You tend to lose your temper in combat.
Armour fits poorly on your strangely shaped body.
You are frail. (-10% HP)
You are occasionally teleported next to monsters.


Message History

The wight hits you with a dagger of speed.
* * * LOW HITPOINT WARNING * * *
You block the wight's attack.
You hit the wight.
You feel the power of Trog in you as your rage grows.
You destroy the wight!
Trog accepts your kill.
You have reached level 9!
Your experience leads to an increase in your attributes!
Your base attributes are Str 19, Int 8, Dex 13.
Increase (S)trength, (I)ntelligence, or (D)exterity?
You feel stronger. You block the wight's attack. You block the gnoll's attack.
The gnoll hits you but does no damage.
You slash the wight!
The wight is almost destroyed.
You block the wight's attack. The gnoll completely misses you.
The gnoll hits you but does no damage.
The gnoll hits you from afar with a halberd!
You die...

.# ....## ##..# ....#.
#...# .?.... ...#
#.....#####.#..# ##
............##..###..###
...........# #........#
#........# ##.#
#........####@##
......###....Zzg# .#..#
###..ggz# ## #.
##.###Z### ..
#..##.z..##... ##..
#..#.........# #.).
#g...........# #<..
#.g..##.........## #....
...## ##.....##..#
....#.


You could see 3 wights, 3 gnolls, an adder zombie and a leopard gecko skeleton.

Vanquished Creatures
  A sky beast (D:5)
  5 ogres
  2 phantoms
  A centaur (D:5)
  A gnoll sergeant (D:6)
  2 wights (D:6)
  An orc priest (D:4)
  Crazy Yiuf (D:3)
  A hound (D:5)
  4 orc wizards (D:4)
  A bullfrog skeleton (D:4)
  Terence (D:3)
  An iguana (D:5)
  3 worker ants
  4 adders
  A shadow imp (D:5)
  A worm (D:2)
  2 dart slugs
  2 leopard geckos
  9 orcs
  7 giant cockroaches
  4 goblins
  7 hobgoblins
  10 jackals
  15 kobolds
  3 quokkas
  2 ball pythons
  A ball python skeleton (D:4)
  8 bats
  7 frilled lizards
  7 rats
115 creatures vanquished.

Vanquished Creatures (others)
  A human (D:3)
1 creature vanquished.

Grand Total: 116 creatures vanquished

Notes
Turn   | Place    | Note
-------+----------+-------------------------------------------
     0 | D:1      | Saways the Human Berserker began the quest for the Orb.
     0 | D:1      | Reached XP level 1. HP: 18/18 MP: 1/1
    69 | D:1      | Reached XP level 2. HP: 20/24 MP: 2/2
   496 | D:1      | Reached XP level 3. HP: 17/29 MP: 4/4
   679 | D:1      | Reached skill level 1 in Stealth
   804 | D:1      | Reached skill level 1 in Spellcasting
  1126 | D:2      | Reached ** piety under Trog
  1191 | D:2      | Reached XP level 4. HP: 14/35 MP: 5/5
  1385 | D:2      | Found a stormy altar of Qazlal.
  1453 | D:2      | Found a hide-covered altar of Uskayaw.
  2108 | D:3      | Found an ancient bone altar of Kikubaaqudgha.
  2111 | D:3      | Noticed a human
  2114 | D:3      | Killed a human
  2246 | D:3      | Found a runed door.
  2472 | D:3      | Found a burning altar of Makhleb.
  2472 | D:3      | Found an ancient bone altar of Kikubaaqudgha.
  2491 | D:3      | Found a radiant altar of Vehumet.
  2542 | D:3      | Reached skill level 4 in Long Blades
  2575 | D:3      | Noticed Terence
  2591 | D:3      | Killed Terence
  2591 | D:3      | Reached XP level 5. HP: 41/41 MP: 5/7
  2733 | D:3      | Found a sparkling altar of Nemelex Xobeh.
  2734 | D:3      | Found an opulent altar of Gozag.
  2829 | D:3      | Noticed Crazy Yiuf
  2831 | D:3      | Killed Crazy Yiuf
  2899 | D:4      | Noticed an ogre
  2912 | D:4      | Killed an ogre
  2912 | D:4      | Reached XP level 6. HP: 23/47 MP: 8/8
  3037 | D:4      | Reached skill level 5 in Long Blades
  3274 | D:4      | Found a staircase to the Ecumenical Temple.
  3545 | D:4      | Reached XP level 7. HP: 38/53 MP: 10/10
  3819 | D:4      | Found Eshuwath's Food Shoppe.
  3877 | D:4      | Reached skill level 6 in Long Blades
  4351 | D:5      | Entered Level 5 of the Dungeon
  4547 | D:5      | Reached XP level 8. HP: 21/60 MP: 11/11
  4551 | D:5      | Reached skill level 1 in Shields
  4758 | D:5      | Found a blossoming altar of Fedhas.
  4843 | D:5      | Reached skill level 7 in Long Blades
  5071 | D:5      | Gained mutation: You tend to lose your temper in combat. [mutagenic meat]
  5074 | D:5      | Gained mutation: You are frail. (-10% HP) [mutagenic meat]
  5077 | D:5      | Gained mutation: Armour fits poorly on your strangely shaped body. [mutagenic meat]
  5080 | D:5      | Gained mutation: You are occasionally teleported next to monsters. [mutagenic meat]
  5117 | D:5      | Found a shattered altar of Ashenzari.
  5417 | D:6      | Reached XP level 9. HP: 5/59 MP: 12/12
  5418 | D:6      | Slain by a gnoll

Vault maps used:
D:1:      lightli_arrival_quake, minmay_fountain_box, kennysheep_small_spiral
D:2:      nicolae_overflow_crystal_walls, overflow_temple_1_default, first_bread
D:3:      grunt_temple_overflow_opulence, gammafunk_temple_overflow_elements,
          old_standard_altar, grunt_ministairs_1, tgw_kikubaaqudgha,
          uniq_terence, uniq_crazy_yiuf_cottage
D:4:      serial_shops, kennysheep_mini
D:5:      kennysheep_mini_moat, fedhas_altar_fruit_tree
D:6:      overflow_temple_1_default, grunt_ministairs_6, evilmike_ruin_ashenzari

Skill      XL: |  1  2  3  4  5  6  7  8 |
---------------+-------------------------+-----
Stealth        | 1 2 |  2.8
Spellcasting   | 1 2 |  2.2
Long Blades    | 4 5 6 7 |  7.7
Armour         | 3 4 |  4.2
Fighting       | 4 |  4.4
Shields        | 2 |  2.5
Dodging        | 3 |  3.2
Evocations     | |  0.4

Action                   |  1- 3 |  4- 6 |  7- 9 || total
-------------------------+-------+-------+-------++-------
Melee: Falchion          |   180 |   242 |   253 ||   675
Invok: Berserk           |       |     3 |     6 ||     9
       Burn Spellbooks   |       |       |     1 ||     1
Evoke: Wand              |       |     2 |     1 ||     3
  Use: Scroll            |       |       |     7 ||     7
       Potion            |       |       |     3 ||     3
 Stab: Sleeping          |     1 |       |       ||     1
       Distracted        |     1 |       |       ||     1
  Eat: Chunk             |       |    11 |     8 ||    19
       Beef jerky        |       |       |     2 ||     2
       Meat ration       |       |       |     1 ||     1
       Fruit             |       |       |     1 ||     1
       Pizza             |       |       |     1 ||     1
Armor: Animal skin       |    35 |       |       ||    35
       Scale mail        |       |    92 |       ||    92
       Chain mail        |       |    15 |   103 ||   118
       Skin              |       |       |    50 ||    50
Dodge: Dodged            |   107 |   126 |    48 ||   281
Block: Large shield      |       |       |   155 ||   155
